 Dungeon Crawl Stone Soup version 0.20.0-15-g7f486f2 (webtiles) character file.

368 ErikD the Cudgeler (level 6, -1/56 HPs)
             Began as a Hill Orc Berserker on July 2, 2017.
             Was a Believer of Trog.
             Slain by an adder (2 damage)
             ... on level 3 of the Dungeon.
             The game lasted 00:10:00 (2781 turns).

ErikD the Cudgeler (Hill Orc Berserker)             Turns: 2781, Time: 00:10:02

Health: -1/56      AC: 10    Str: 25    XL:     6   Next: 69%
Magic:  6/6        EV:  8    Int:  7    God:    Trog [**....]
Gold:   119        SH:  0    Dex: 12    Spells: 5/5 levels left

rFire    . . .     SeeInvis .   t - -3 flail (curse)
rCold    . . .     Gourm    .   (no shield)
rNeg     . . .     Faith    .   e - +0 chain mail
rPois    .         Spirit   .   r - +0 helmet
rElec    .         Reflect  .   (no cloak)
rCorr    .         Harm     .   (no gloves)
MR       .....                  (no boots)
Stlth    ..........             (no amulet)
Regen    0.2/turn               o - +2 ring of evasion
MPRegen  0.1/turn               q - -3 ring of evasion (curse)

@: mighty, lethally poisoned (-1 -> -11), starving
A: no striking features
a: Berserk, Trog's Hand, Burn Spellbooks, Renounce Religion


You were on level 3 of the Dungeon.
You worshipped Trog.
Trog was pleased with you.
You were starving.

You visited 1 branch of the dungeon, and saw 4 of its levels.

You collected 119 gold pieces.

Inventory:

Hand Weapons
 a - a +1 mace
 j - a cursed -2 dagger
 t - a cursed -3 flail (weapon)
Missiles
 f - 2 throwing nets (quivered)
 l - 19 poisoned needles
Armour
 b - a +0 animal skin
 e - a +0 chain mail (worn)
 r - a +0 helmet (worn)
Jewellery
 o - a +2 ring of evasion (left hand)
 q - a cursed -3 ring of evasion (right hand)
 u - an uncursed ring of wizardry {unknown}
 x - an uncursed ring of magical power {unknown}
Scrolls
 g - 2 scrolls of identify
 m - 2 scrolls of fog
Potions
 i - a potion of agility {unknown}
 k - a potion of haste {unknown}
 n - 2 potions of brilliance {unknown}
 p - 2 potions of flight {unknown}
 s - 2 potions of lignification {unknown}
 w - a potion of cancellation {unknown}
Comestibles
 c - 2 bread rations
 h - 2 fruits


   Skills:
 + Level 5.1 Fighting
 + Level 6.0 Maces & Flails
 + Level 4.0 Armour
 + Level 2.1 Dodging


You had 5 spell levels left.
You didn't know any spells.

Dungeon Overview and Level Annotations

Branches:
Dungeon (4/15)
 Temple: D:4-7

Altars:
Makhleb
Nemelex Xobeh
Okawaru
Ru


Message History

You feel sick. The adder bites you.
* * * LOW HITPOINT WARNING * * *
The worm bites you but does no damage.
It was a potion of might.
You feel very mighty all of a sudden. The adder bites you but does no damage.
The adder bites you.
* * * LOW HITPOINT WARNING * * *
You are more poisoned.
The adder poisons you! The worm closely misses you.
You hit the worm.
The worm is moderately wounded.
* * * LOW HITPOINT WARNING * * *
You feel sick. The adder closely misses you.
You sock the worm!
The worm is severely wounded.
* * * LOW HITPOINT WARNING * * *
You feel sick. The adder barely misses you. The worm bites you.
* * * LOW HITPOINT WARNING * * *
The adder bites you.
You die...

#......##.##
#.#...###...
#.##### #### #.#
#.# #.# #.#####
#.########.....###
#..S@w........w...
##############.###
#


You could see a worm and an adder.

Vanquished Creatures
  The ghost of CInkIbrahim the Poker, an amateur OpGl (D:3)
  A bullfrog (D:4)
  Jessica (D:2)
  Terence (D:2)
  6 adders
  A worm (D:2)
  2 dart slugs (D:2)
  4 leopard geckos
  A ball python (D:2)
  4 giant cockroaches
  16 goblins
  7 hobgoblins
  A quokka (D:2)
  3 bats (D:1)
  2 frilled lizards
  14 kobolds
  11 rats
76 creatures vanquished.

Vanquished Creatures (others)
  A plant (D:2)
1 creature vanquished.

Grand Total: 77 creatures vanquished

Notes
Turn   | Place    | Note
-------+----------+-------------------------------------------
     0 | D:1      | ErikD the Hill Orc Berserker began the quest for the Orb.
     0 | D:1      | Reached XP level 1. HP: 19/19 MP: 1/1
   112 | D:1      | Reached XP level 2. HP: 20/27 MP: 2/2
   310 | D:1      | Reached skill level 4 in Maces & Flails
   345 | D:1      | Reached XP level 3. HP: 16/33 MP: 3/3
   770 | D:1      | Reached ** piety under Trog
  1093 | D:2      | Reached XP level 4. HP: 40/40 MP: 4/4
  1156 | D:2      | Noticed Terence
  1170 | D:2      | Killed Terence
  1375 | D:2      | Noticed Jessica
  1384 | D:2      | Killed Jessica
  1384 | D:2      | Reached XP level 5. HP: 35/47 MP: 5/5
  1982 | D:2      | Reached skill level 5 in Maces & Flails
  2104 | D:2      | Found a burning altar of Makhleb.
  2107 | D:2      | Found an iron altar of Okawaru.
  2108 | D:2      | Found a sacrificial altar of Ru.
  2265 | D:3      | Noticed CInkIbrahim's ghost (amateur OpGl)
  2347 | D:3      | Found a sparkling altar of Nemelex Xobeh.
  2400 | D:4      | HP: 2/47 [kobold (2)]
  2567 | D:4      | Reached XP level 6. HP: 20/55 MP: 6/6
  2703 | D:3      | Killed CInkIbrahim's ghost
  2703 | D:3      | Reached skill level 5 in Fighting
  2715 | D:3      | Reached skill level 6 in Maces & Flails
  2781 | D:3      | HP: 1/56 [worm (2)]
  2781 | D:3      | Slain by an adder

Skill      XL: |  1  2  3  4  5  6 |
---------------+-------------------+-----
Fighting       | 4 5 |  5.1
Maces & Flails | 4 5 6 |  6.0
Armour         | 3 4 |  4.0
Dodging        | 2 |  2.1

Action                   |  1- 3 |  4- 6 || total
-------------------------+-------+-------++-------
Melee: Mace              |   126 |    11 ||   137
       Flail             |       |   213 ||   213
Invok: Berserk           |     1 |     5 ||     6
  Use: Scroll            |       |     6 ||     6
       Potion            |       |     1 ||     1
  Eat: Chunk             |     2 |     8 ||    10
Armor: Chain mail        |    88 |   152 ||   240
Dodge: Dodged            |    60 |   107 ||   167
